 Dungeon Crawl Stone Soup version 0.28-a0-1159-g27aa881441 (webtiles) character file.

Game seed: 6752288126617430800

4 Gwenloh the Vexing (level 1, -2/19 HPs)
             Began as an Ogre Arcane Marksman on Dec 16, 2021.
             Slain by a kobold (3 damage)
             ... on level 1 of the Dungeon.
             The game lasted 00:00:51 (412 turns).

Gwenloh the Vexing (Ogre Arcane Marksman)            Turns: 412, Time: 00:00:52

Health: -2/19      AC:  3    Str: 13    XL:     1   Next: 60%
Magic:  2/2        EV:  9    Int: 14    God:
Gold:   0          SH:  0    Dex:  9    Spells: 1/2 levels left

rFire   . . .      SeeInvis .   (no weapon)
rCold   . . .      Faith    .   (no shield)
rNeg    . . .      Spirit   .   a - +0 robe
rPois   .          Reflect  .   (helmet restricted)
rElec   .          Harm     .   (no cloak)
rCorr   .          Rampage  .   (gloves unavailable)
Will    .....                   (boots unavailable)
Stlth   +.........              (no amulet)
HPRegen 0.06/turn               (no ring)
MPRegen 0.08/turn               (no ring)

@: no status effects
A: large, unfitting armour, tough skin 1
a: no special abilities


You were on level 1 of the Dungeon.
You visited 1 branch of the dungeon, and saw 1 of its levels.

Inventory:

Missiles
 b - 2 large rocks (quivered)
 c - 2 throwing nets
Armour
 a - a +0 robe (worn)


   Skills:
 + Level 1.5 Fighting
 * Level 2.1 Throwing
 + Level 1.8 Dodging
 - Level 1.2 Spellcasting
 + Level 2.7 Hexes


You had one spell level left.
You knew the following spells:

 Your Spells              Type           Power      Damage    Failure   Level
a - Slow                  Hex            32%        N/A       9%          1

Your spell library contained the following spells:

 Spells                   Type           Power      Damage    Failure   Level
 Inner Flame              Hex/Fire       4%         N/A       41%         3
 Portal Projectile        Hex/Tloc       8%         N/A       41%         3
 Cause Fear               Hex            4%         N/A       63%         4


Dungeon Overview and Level Annotations

Branches:
Dungeon (1/15)

Altars:


Innate Abilities, Weirdness & Mutations

You are too large for most types of armour.
You have tough skin. (AC +1)


Message History

The kobold misses you.
You hit the kobold but do no damage.
The kobold is moderately wounded.
The kobold hits you with a +0 club.
You barely miss the kobold.
The kobold is moderately wounded.
The kobold barely misses you.
You miss the kobold. The kobold barely misses you.
You miss the kobold. The kobold hits you but does no damage.
You barely miss the kobold. The kobold hits you but does no damage.
You closely miss the kobold. The kobold hits you with a +0 club.
You barely miss the kobold. The kobold hits you but does no damage.
You closely miss the kobold. The kobold hits you with a +0 club.
You hit the kobold but do no damage. The kobold barely misses you.
You hit the kobold but do no damage. The kobold hits you but does no damage.
You closely miss the kobold. The kobold hits you but does no damage.
You miss the kobold. The kobold hits you with a +0 club.
You hit the kobold.
The kobold is severely wounded.
The kobold hits you but does no damage.
You closely miss the kobold.
The kobold is severely wounded.
The kobold hits you with a +0 club.
* * * LOW HITPOINT WARNING * * *
Sorry, you're not good enough to have a special ability.
Throw: 4 large rocks
Press: ? - help, Q - select action, (/) - cycle Shift-Dir - straight line, f - kobold
Aim: a kobold, wielding a +0 club (severely wounded, 45% to hit)
You throw a large rock. The large rock misses the kobold.
The kobold hits you with a +0 club.
* * * LOW HITPOINT WARNING * * *
The kobold hits you but does no damage.
Sorry, you're not good enough to have a special ability.
Throw: 3 large rocks
Press: ? - help, Q - select action, (/) - cycle Shift-Dir - straight line, f/p - kobold
Aim: a kobold, wielding a +0 club (severely wounded, 45% to hit)
You throw a large rock.
The large rock closely misses the kobold.
The kobold hits you with a +0 club.
You die...

#+#.# #.#.# ####
###.#.# ..... ...#.#
......###..#.#
(.....K@...#.# ####
......####.#.# #<.#
..[..........###''###
###########.##...§..#
########.##.≈§§≈.# #
.......#.##.≈§§≈.# .#
.......#.##§.....##..
.......#..###''###..#
........#..##..##....


You could see a kobold.

Vanquished Creatures
  2 ball pythons (D:1)
  A hobgoblin (D:1)
3 creatures vanquished.

Notes
Turn   | Place    | Note
-------+----------+-------------------------------------------
     0 | D:1      | Gwenloh the Ogre Arcane Marksman began the quest for the
                  | Orb.
     0 | D:1      | Reached XP level 1. HP: 19/19 MP: 2/2
   412 | D:1      | Slain by a kobold

Illustrated notes

Levels and vault maps discovered:
D:1:      lightli_arrival_lavapool, layout_basic, basic_ecumenical_altar,
          hex_intersection

Action                   || total
-------------------------++-------
Melee: Unarmed           ||    44
Throw: Large rock        ||     3
Armor: Robe              ||    12
Dodge: Dodged            ||    18

Table legend: (Time is in decaauts)
 A = Elapsed time spent in this place.
 B = Non-inter-level travel time spent in this place.
 C = Inter-level travel time spent in this place.
 D = Time resting spent in this place.
 E = Time spent auto-exploring this place.
 F = Levels seen in this place.
 G = Mean time per level.
                   A        B        C        D        E       F      G
               +--------+--------+--------+--------+--------+-----+--------+
         Total |    413 |    413 |      0 |      0 |    341 |   1 |  413.0 |
       Dungeon |    413 |    413 |      0 |      0 |    341 |   1 |  413.0 |
               +--------+--------+--------+--------+--------+-----+--------+

Top non-repeatable levels by time:
     D:1: 413 daAuts
